 Dungeon Crawl Stone Soup version 0.28-a0-691-gad6df49e81 (webtiles) character file.

Game seed: 16105221330104455673

347217 rogsnak the Devastator (level 21, -19/172 HPs)
             Began as a White Draconian Earth Elementalist on Oct 19, 2021.
             Was a High Priest of Sif Muna.
             Demolished by a quicksilver ooze (20 damage)
             ... created by the Royal Jelly
             ... on level 5 of the Pits of Slime on Oct 21, 2021.
             The game lasted 03:26:39 (80761 turns).

rogsnak the Devastator (DrEE)                      Turns: 80761, Time: 03:26:39

Health: -19/172    AC: 12    Str: 19    XL:     21   Next: 20%
Magic:  12/43      EV: 21    Int: 29    God:    Sif Muna [*****.]
Gold:   4318       SH:  0    Dex: 21    Spells: 3/57 levels left

rFire   + . .      SeeInvis +   Q - +10 great sword of Spores {drain, rCorr Str+4}
rCold   + + .      Faith    .   (shield currently unavailable)
rNeg    + . .      Spirit   .   (armour unavailable)
rPois   +          Reflect  .   P - +2 hat {SInv}
rElec   +          Harm     .   I - +2 cloak {rPois}
rCorr   +          Rampage  +   E - +0 pair of gloves of Tobuimn {rElec rN+ Dex+5}
Will    +....                   x - +2 pair of boots {rampage}
Stlth   ++........              w - amulet of Oleiciun {Regen+ Str+4}
HPRegen 1.38/turn               o - ring of protection from fire
MPRegen 0.28/turn               n - ring "Hiniveb" {rC+ Int+6 Dex+2}

@: corroded, studying Summonings
A: breathe frost, AC +11, unfitting armour, cold resistance 1, cold-blooded
}: 2/15 runes: decaying, serpentine
a: Breathe Frost, Renounce Religion, Channel Magic, Forget Spell, Divine
Exegesis


You were on level 5 of the Pits of Slime.
You worshipped Sif Muna.
Sif Muna was extremely pleased with you.
You visited 8 branches of the dungeon, and saw 40 of its levels.
You also visited: Gauntlet, Ice Cave and Wizlab.

You collected 4543 gold pieces.
You spent 225 gold pieces at shops.

Inventory:

Hand Weapons
 h - the +8 glaive of the Guard {elec, spectral, AC+5}
   (You took it off a deep elf demonologist on level 3 of the Elven Halls)

   It occasionally discharges a powerful burst of electricity upon striking a
   foe.
   When it strikes, its spirit leaps out and fights alongside the wielder.
   AC:        It affects your AC (+5).
 D - a +2 demon blade of freezing
 G - the +4 lajatang "Seamuw" {vamp, +Blink Fly rF+ Int+2}
   (You took it off a Hellbinder in a wizard's laboratory)

   It occasionally heals its wielder for a portion of the damage dealt when it
   wounds a living foe.
   Int:       It affects your intelligence (+2).
   rF:        It protects you from fire.
   Fly:       It grants you flight.
   +Blink:    It lets you blink.
 Q - the +10 great sword of Spores (weapon) {drain, rCorr Str+4}
   (You found it on level 9 of the Dungeon)

   A truly terrible weapon, it drains the life of any living foe it strikes.
   Str:       It affects your strength (+4).
   rCorr:     It protects you from acid and corrosion.
 V - the +7 short sword "Ezukhuuts" {vorpal, rF++ rC- Str+6}
   (You found it in a Gauntlet)

   It inflicts extra damage upon your enemies.
   Str:       It affects your strength (+6).
   rF:        It greatly protects you from fire.
   rC:        It makes you vulnerable to cold.
Armour
 c - the +3 pair of gauntlets of War {Slay+5}
   (You found it on level 2 of the Lair of Beasts)

   Slay:      It affects your accuracy & damage with ranged weapons and melee
   (+5).
 x - a +2 pair of boots of rampaging (worn)
 E - the +0 pair of gloves of Tobuimn (worn) {rElec rN+ Dex+5}
   (You found it on level 2 of the Swamp)

   Dex:       It affects your dexterity (+5).
   rElec:     It insulates you from electricity.
   rN:        It protects you from negative energy.
 I - a +2 cloak of poison resistance (worn)
 P - a +2 hat of see invisible (worn)
Magical Staves
 Y - a staff of conjuration
Jewellery
 i - a ring of see invisible
 n - the ring "Hiniveb" (right hand) {rC+ Int+6 Dex+2}
   (You found it in a Gauntlet)

   [ring of intelligence]

   Int:       It affects your intelligence (+6).
   Dex:       It affects your dexterity (+2).
   rC:        It protects you from cold.
 o - a ring of protection from fire (left hand)
 w - the amulet of Oleiciun (around neck) {Regen+ Str+4}
   (You found it on level 2 of the Snake Pit)

   [amulet of regeneration]

   Str:       It affects your strength (+4).
   Regen:     It increases your rate of health regeneration.
 A - a ring of magical power
 B - the ring "Dachiarurgh" {rC+ Will+ Str+5 Stlth-}
   (You took it off a demonspawn blood saint in a wizard's laboratory)

   [ring of protection from cold]

   Str:       It affects your strength (+5).
   rC:        It protects you from cold.
   Will:      It increases your willpower.
   Stlth:     It makes you less stealthy.
 S - a ring of positive energy
 T - the ring "Wuteif" {Fly rElec Str+3 Int-2}
   (You found it in a wizard's laboratory)

   [ring of flight]

   Str:       It affects your strength (+3).
   Int:       It affects your intelligence (-2).
   rElec:     It insulates you from electricity.
   Fly:       It grants you flight.
 Z - the amulet of the Rabble {Acrobat Harm +Blink rPois rN++}
   (You found it on level 2 of the Snake Pit)

   [amulet of the acrobat]

   It increases your evasion while moving and waiting.
   rPois:     It protects you from poison.
   rN:        It greatly protects you from negative energy.
   +Blink:    It lets you blink.
   Harm:      It increases damage dealt and taken.
Wands
 p - a wand of acid (4)
 v - a wand of flame (236)
 H - a wand of iceblast (21)
 N - a wand of paralysis (29)
Scrolls
 a - 2 scrolls of brand weapon
 b - 3 scrolls of fog
 d - 9 scrolls of enchant weapon
 j - 6 scrolls of amnesia
 k - 2 scrolls of blinking
 l - 4 scrolls of holy word
 r - 3 scrolls of summoning
 s - 14 scrolls of teleportation
 y - a scroll of silence
 C - 11 scrolls of magic mapping
 K - 4 scrolls of enchant armour
 L - 2 scrolls of fear
 M - 5 scrolls of identify
Potions
 e - 10 potions of curing
 f - 4 potions of might
 g - a potion of magic
 m - 3 potions of cancellation
 q - 2 potions of resistance
 u - 10 potions of brilliance
 z - 12 potions of haste
 F - 7 potions of heal wounds
 J - a potion of flight
 R - a potion of invisibility
 U - 6 potions of mutation
 W - 3 potions of berserk rage
 X - 2 potions of ambrosia
Miscellaneous
 t - a box of beasts
 O - a condenser vane


   Skills:
 + Level 11.6 Fighting
 + Level 11.9 Dodging
 - Level 2.0 Stealth
 + Level 18.7 Spellcasting
 + Level 20.2 Conjurations
 + Level 2.8 Necromancy
 - Level 1.8 Transmutations
 - Level 2.0 Fire Magic
 + Level 1.8 Ice Magic
 + Level 18.5 Earth Magic
 + Level 8.0 Invocations
 + Level 1.8 Evocations


You had 3 spell levels left.
You knew the following spells:

 Your Spells              Type           Power      Damage    Failure   Level
a - Sandblast             Erth           100%       2d20      0%          1
b - Stone Arrow           Conj/Erth      100%       3d13      0%          3
c - Ozocubu's Armour      Ice            38%        N/A       2%          3
d - Flame Wave            Conj/Fire      75%        3d13      1%          4
e - Iron Shot             Conj/Erth      48%        9d9       1%          6
f - Fireball              Conj/Fire      37%        3d15      1%          5
g - Iskenderun's Battles  Conj           98%        2d14      0%          5
h - Statue Form           Tmut/Erth      48%        N/A       3%          6
i - Borgnjor's Vile Clut  Necr/Erth      36%        N/A       1%          5
j - Lee's Rapid Deconstr  Erth           47%        3d23*     1%          5
k - Lehudib's Crystal Sp  Conj/Erth      48%        10d11     3%          8
l - Swiftness             Air            27%        N/A       4%          3

Your spell library contained the following spells:

 Spells                   Type           Power      Damage    Failure   Level
 Foxfire                  Conj/Fire      100%       2x1d9     0%          1
 Magic Dart               Conj           100%       1d8       0%          1
 Searing Ray              Conj           100%       2d8       0%          2
 Animate Skeleton         Necr           86%        N/A       1%          1
 Apportation              Tloc           54%        N/A       1%          1
 Shock                    Conj/Air       100%       1d9       1%          1
 Sting                    Tmut/Pois      100%       1d8       1%          1
 Summon Small Mammal      Summ           100%       N/A       1%          1
 Passwall                 Tmut/Erth      60%        N/A       1%          2
 Scorch                   Fire           78%        2d8       1%          2
 Static Discharge         Conj/Air       72%        N/A       1%          2
 Sublimation of Blood     Necr           21%        N/A       1%          2
 Wereblood                Tmut           38%        N/A       1%          2
 Conjure Flame            Conj/Fire      75%        6-21      1%          3
 Dazzling Flash           Conj/Hex       100%       N/A       1%          3
 Mephitic Cloud           Conj/Pois/Air  60%        N/A       1%          3
 Call Imp                 Summ           27%        N/A       2%          2
 Poisonous Vapours        Pois/Air       54%        N/A       2%          2
 Ignite Poison            Fire/Tmut/Pois 34%        N/A       2%          3
 Inner Flame              Hex/Fire       33%        N/A       3%          3
 Spider Form              Tmut/Pois      16%        N/A       3%          3
 Gell's Gravitas          Tloc           13%        N/A       4%          3
 Summon Guardian Golem    Hex/Summ       27%        N/A       4%          3
 Teleport Other           Tloc           27%        N/A       4%          3
 Tukima's Dance           Hex            27%        N/A       4%          3
 Fulminant Prism          Conj/Hex       36%        3d18      1%          4
 Hailstorm                Conj/Ice       74%        3d15      1%          4
 Iskenderun's Mystic Bla  Conj/Tloc      72%        2d15      1%          4
 Leda's Liquefaction      Hex/Erth       34%        N/A       1%          4
 Petrify                  Tmut/Erth      72%        N/A       1%          4
 Sticky Flame             Conj/Fire      75%        2d9       1%          4
 Freezing Cloud           Conj/Ice/Air   31%        6-21      1%          5
 Irradiate                Conj/Tmut      37%        3d26      1%          5
 Lightning Bolt           Conj/Air       36%        1d54      1%          5
 Orb of Destruction       Conj           49%        9d15      1%          7
 Starburst                Conj/Fire      37%        6d11      2%          6
 Conjure Ball Lightning   Conj/Air       36%        3x3d12    3%          6
 Animate Dead             Necr           21%        N/A       4%          4
 Dispel Undead            Necr           43%        3d17      4%          4
 Ice Form                 Ice/Tmut       38%        N/A       7%          4
 Cause Fear               Hex            13%        N/A       16%         4
 Olgreb's Toxic Radiance  Pois           27%        N/A       16%         4
 Summon Lightning Spire   Summ/Air       27%        N/A       16%         4
 Spellforged Servitor     Conj/Summ      36%        N/A       21%         7
 Alistair's Intoxication  Tmut/Pois      21%        N/A       28%         5
 Metabolic Englaciation   Hex/Ice        16%        N/A       28%         5
 Yara's Violent Unravell  Hex/Tmut       16%        3d8       28%         5
 Summon Forest            Summ/Tloc      13%        N/A       38%         5
 Summon Mana Viper        Hex/Summ       27%        N/A       38%         5
 Shatter                  Erth           47%        3d36*     61%         9
 Simulacrum               Ice/Necr       20%        N/A       65%         6
 Eringya's Noxious Bog    Tmut/Pois      16%        N/A       85%         6
 Dispersal                Tloc           13%        N/A       93%         6
 Invisibility             Hex            13%        N/A       93%         6
 Summon Cactus Giant      Summ           13%        N/A       93%         6
 Dragon Form              Tmut           19%        N/A       99%         7
 Ozocubu's Refrigeration  Ice            19%        4d8       99%         7
 Haunt                    Necr/Summ      17%        N/A       100%        7
 Summon Hydra             Summ           13%        N/A       100%        7
 Discord                  Hex            13%        N/A       100%        8
 Disjunction              Tloc           13%        N/A       100%        8
 Ignition                 Fire           19%        3d7       100%        8
 Infestation              Necr           21%        N/A       100%        8
 Necromutation            Tmut/Necr      20%        N/A       100%        8
 Chain Lightning          Conj/Air       36%        3d48      100%        9
 Dragon's Call            Summ           13%        N/A       100%        9
 Fire Storm               Conj/Fire      37%        8d10      100%        9


Dungeon Overview and Level Annotations

Branches:
Dungeon (15/15)            Temple (1/1) D:5            Lair (6/6) D:11
  Swamp (4/4) Lair:4        Snake (4/4) Lair:3        Slime (5/5) Lair:6
    Orc (2/2) D:9             Elf (3/3) Orc:2        Vaults (0/5) D:14
 Depths (0/4) D:15          IceCv (visited)          WizLab (visited)
Gauntlet (visited)

Altars:
Dithmenos
Elyvilon
Fedhas
Gozag
Hepliaklqana
Kikubaaqudgha
Makhleb
Nemelex Xobeh
Okawaru
Qazlal
Ru
Sif Muna
Trog
Uskayaw
Wu Jian
Xom
Yredelemnul
Zin
The Shining One
Beogh
Jiyva
Lugonu

Shops:
D:7 (   Orc:2 ((!(   Elf:1 **

Portals:
Abyss: D:15 Lair:6
Trove: D:11 (show slimy rune of Zot)

Annotations:
D:14 Rupert
D:15 2 transporters, zishaf's ghost, journeyman OpVM
Lair:1 2 transporters, Ecyzas's ghost, journeyman TeCj
Lair:2 2 transporters
Lair:4 3 runed translucent doors, Daelid's ghost, journeyman MfGl; Dobruq's ghost, journeyman OgTm; Gaumudgh's ghost, journeyman TeWr; bronco's ghost, journeyman KoFi
Lair:5 3 runed translucent doors, Muulud's ghost, journeyman SpBe
Slime:5 Royal Jelly


Innate Abilities, Weirdness & Mutations

You can breathe waves of freezing cold which knock back foes.
Your icy white scales are hard. (AC +11)
You cannot fit into any form of body armour.
Your flesh is cold resistant. (rC+)
You are cold-blooded and may be slowed by cold attacks.


Message History

Confirm with . or Enter, or press ? or * to list all spells.
Aiming: Lehudib's Crystal Spear (dangerous; 3% risk of failure)
Press: ? - help, Shift-Dir - straight line, f/p - Royal Jelly
Aim: the Royal Jelly (moderately wounded, 96% to hit)
The crystal spear hits the Royal Jelly!!!
The Royal Jelly is heavily wounded.
The Royal Jelly shudders violently.
The Royal Jelly spits out four more jellies.
The Royal Jelly closely misses you. The Royal Jelly misses you.
The acid blob completely misses you. The rockslime completely misses you.
The azure jelly hits you but does no damage.
The azure jelly misses you. The azure jelly barely misses you.
The azure jelly hits you but does no damage.
Unknown command.
Casting: Lehudib's Crystal Spear (dangerous; 3% risk of failure)
Confirm with . or Enter, or press ? or * to list all spells.
Aiming: Lehudib's Crystal Spear (dangerous; 3% risk of failure)
Press: ? - help, Shift-Dir - straight line, f/p - Royal Jelly
Aim: the Royal Jelly (heavily wounded, 96% to hit)
The crystal spear hits the Royal Jelly!!!
The Royal Jelly is severely wounded.
The Royal Jelly shudders alarmingly.
The Royal Jelly spits out five more jellies.
The Royal Jelly hits you but does no damage.
The Royal Jelly hits you.
You are splashed with acid.
You resist. The acid blob hits you!
* * * LOW HITPOINT WARNING * * *
You are splashed with acid.
You resist.
* * * LOW HITPOINT WARNING * * *
The rockslime hits you!!
* * * LOW HITPOINT WARNING * * *
You hold your ground!
The azure jelly hits you.
* * * LOW HITPOINT WARNING * * *
The azure jelly freezes you! You resist.
* * * LOW HITPOINT WARNING * * *
The azure jelly hits you but does no damage.
The azure jelly barely misses you. The azure jelly hits you.
* * * LOW HITPOINT WARNING * * *
The quicksilver ooze hits you!!
You die...

#....................## #..#
#.#...................####.####
#...##.........................
#..###.........................
####...........................
###.........................
#.......JJ................
##.#...JJJ................
####.#JJ@J...............
###JJJJ...............
#.JJJ...............
##..................
##.................
#.................
###...............
##....###.#..... ###.# ## #....


You could see the Royal Jelly, 3 acid blobs, 4 azure jellies, 3 rockslimes and 4
quicksilver oozes.

Vanquished Creatures
  the Lernaean hydra (Swamp:3)
  A Hellbinder (WizLab)
  A tentacled monstrosity (Swamp:4)
  Mlioglotl (Swamp:4)
  2 deep elf master archers (Elf:3)
  20 acid blobs
  3 deep elf blademasters
  Gastronok (D:9)
  Frances (D:14)
  A thorn hunter (Swamp:3)
  5 nagarajas (Snake:4)
  8 azure jellies
  7 rockslimes
  A juggernaut zombie (Swamp:3)
  3 deep elf sorcerers (Elf:3)
  An orc warlord (Orc:2)
  5 deep elf elementalists (Elf:3)
  3 quicksilver oozes
  A demonspawn blood saint (WizLab)
  The ghost of SirDiesAlot the Fighter, a journeyman MiDe of Gozag (D:12)
  A very ugly thing (Swamp:4)
  A caustic shrike skeleton (D:15)
  3 bunyips
  7 deep elf demonologists (Elf:3)
  A lorocyproca (WizLab)
  2 minotaurs
  4 deep elf annihilators (Elf:3)
  A blizzard demon (WizLab)
  3 ettins
  5 deep elf death magi
  A shambling mangrove (Swamp:2)
  2 green deaths
  6 eleionomae
  3 deep elf high priests (Elf:3)
  5 vault guards (D:14)
  2 great orbs of eyes (Slime:5)
  19 hydras
  A salamander tyrant (Snake:3)
  3 hell beasts (WizLab)
  18 naga warriors
  The ghost of Zihow the Frost Mage, a journeyman DgIE (Lair:2)
  3 ghost crabs
  3 boulder beetles
  2 ironbound frosthearts (IceCv)
  3 centaur warriors
  14 anacondas
  26 dancing weapons
  2 catoblepae
  12 two-headed ogres
  7 alligators
  2 death knights
  A death scarab (Swamp:3)
  3 tengu warriors
  5 orc high priests
  19 death yaks
  4 thrashing horrors
  A sun demon (WizLab)
  8 naga sharpshooters
  11 shock serpents
  The ghost of Pooter the Cleaver, a novice MiBe of Trog (D:8)
  15 deep elf knights
  Nergalle (Lair:4)
  3 salamander mystics
  2 soul eaters (WizLab)
  2 skeletal warriors (D:15)
  A sixfirhy (WizLab)
  4 goliath frogs
  2 spriggan druids (Swamp:4)
  5 sea snakes
  A swamp dragon (shapeshifter) (Lair:6)
  A flayed ghost (D:15)
  7 deep elf archers
  3 swamp dragons
  A bunyip skeleton (Swamp:3)
  13 bog bodies
  6 orc knights
  11 deep elf zephyrmancers
  2 shadow demons (WizLab)
  7 naga ritualists
  A wizard (D:14)
  A wolf spider (shapeshifter) (D:13)
  2 necromancers
  3 will-o-the-wisps
  6 ugly things
  22 deep elf pyromancers
  4 cyclopes
  12 mana vipers
  5 orc sorcerers
  4 manticores
  17 salamanders
  2 guardian serpents (Snake:4)
  2 frost giant zombies (D:15)
  An ice statue (IceCv)
  Maurice (D:11)
  2 torpor snails (Lair:3)
  A rust devil (WizLab)
  4 smoke demons (Lair:6)
  11 naga magi
  12 elephants
  A frost giant skeleton (D:15)
  2 gargoyles
  45 black mambas
  7 orange demons
  3 eyes of devastation
  6 rime drakes
  7 cane toads
  3 ice devils
  5 komodo dragons
  A yaktaur (D:12)
  3 tengu conjurers (D:13)
  An ancient zyme (Lair:6)
  A yaktaur (shapeshifter) (Elf:3)
  3 tormentors (WizLab)
  A hellwing (WizLab)
  A red devil (WizLab)
  4 trolls
  5 tyrant leeches
  A bloated husk (Swamp:2)
  2 wind drakes (shapeshifter)
  13 polar bears
  A raiju (shapeshifter) (D:13)
  Prince Ribbit (D:7)
  5 hornets
  A wolf spider simulacrum (D:15)
  23 blink frogs
  6 dream sheep
  71 slime creatures
  A snapping turtle (shapeshifter) (D:15)
  6 spriggans
  6 wyverns
  2 centaur simulacra
  12 flying skulls (Gauntlet)
  A vampire (D:11)
  4 shadows
  Sigmund (D:2)
  5 water elementals
  6 air elementals
  2 fire elementals
  A hog (shapeshifter) (D:15)
  2 ynoxinuls
  5 humans (D:14)
  90 yaks
  A wraith (D:13)
  16 golden eyes
  5 basilisks
  2 neqoxecs (WizLab)
  Grum (D:8)
  4 vampire mosquitoes
  3 chaos spawn (WizLab)
  7 wargs
  8 large abominations
  21 water moccasins
  33 nagas
  18 swamp worms
  2 acid dragons
  2 swamp drakes
  9 black bears
  45 orc warriors
  An ice beast (D:5)
  3 sky beasts
  2 hornet zombies (Swamp:3)
  19 ogres
  A necrophage (D:7)
  8 centaurs
  A swamp dragon skeleton (Swamp:3)
  47 wolves
  2 phantoms
  2 kobold brigands
  9 bullfrogs
  3 earth elementals
  2 scorpions
  11 small abominations (Lair:6)
  A wyvern zombie (D:6)
  A gnoll sergeant (D:13)
  12 killer bees
  A water moccasin skeleton (D:7)
  6 wights (D:8)
  2 electric eels
  A howler monkey (D:9)
  A bullfrog zombie (D:7)
  5 centaur zombies
  4 quasits (D:8)
  A centaur skeleton (D:6)
  31 orc priests
  3 jellies
  A bullfrog skeleton (D:4)
  4 iron imps (Gauntlet)
  Terence (D:2)
  4 iguanas
  29 orc wizards
  A scorpion zombie (D:5)
  9 hell rats (Lair:6)
  2 howler monkey skeletons (D:5)
  2 howler monkey zombies
  7 adders
  8 gnolls
  A shadow imp (D:7)
  3 white imps
  2 worms
  3 dart slugs
  107 orcs
  5 ball pythons
  3 endoplasms
  A giant cockroach (D:4)
  9 goblins
  4 hobgoblins
  7 jackals
  6 quokkas
  3 bats
  4 frilled lizards
  13 kobolds
  9 rats
1455 creatures vanquished.

Vanquished Creatures (others)
  A vault guard (D:14)
  A hellwing (WizLab)
  A bloated husk (Swamp:2)
  A briar patch (Swamp:3)
  A bush (Lair:5)
  2 foxfires (Swamp:2)
  64 fungi
  98 plants
  7 withered plants
176 creatures vanquished.

Grand Total: 1631 creatures vanquished

Notes
Turn   | Place    | Note
-------+----------+-------------------------------------------
     0 | D:1      | rogsnak the Draconian Earth Elementalist began the quest
                  | for the Orb.
     0 | D:1      | Reached XP level 1. HP: 14/14 MP: 3/3
   663 | D:1      | Reached XP level 2. HP: 16/20 MP: 5/5
  1724 | D:2      | Noticed Terence
  1822 | D:2      | Reached XP level 3. HP: 26/26 MP: 6/6
  1826 | D:2      | Learned a level 3 spell: Stone Arrow
  1919 | D:2      | Noticed Sigmund
  1928 | D:2      | Killed Sigmund
  1929 | D:2      | Reached skill level 1 in Fighting
  1929 | D:2      | Reached XP level 4. HP: 21/35 MP: 0/8
  1929 | D:2      | Reached XP level 5. HP: 24/40 MP: 0/9
  2372 | D:3      | Noticed a phantom
  2397 | D:3      | Killed a phantom
  2398 | D:3      | Reached XP level 6. HP: 22/48 MP: 4/11
  2694 | D:3      | You fall into a shaft and drop 3 floors!
  2701 | D:5      | Entered Level 5 of the Dungeon
  3039 | D:5      | Reached skill level 5 in Earth Magic
  3292 | D:4      | Reached skill level 1 in Conjurations
  3292 | D:4      | Your scales start taking on an icy white colour.
  3292 | D:4      | Reached XP level 7. HP: 43/56 MP: 5/13
  3292 | D:4      | Gained mutation: Your flesh is cold resistant. (rC+) [White
                  | Draconian growth]
  3472 | D:4      | You fall into a shaft and drop 1 floor!
  4246 | D:2      | Killed Terence
  4420 | D:4      | Found a shimmering altar of Xom.
  4589 | D:4      | Reached skill level 2 in Conjurations
  5007 | D:5      | Found a burning altar of Makhleb.
  5123 | D:5      | Found a staircase to the Ecumenical Temple.
  5146 | Temple   | Entered the Ecumenical Temple
  5298 | Temple   | Became a worshipper of Sif Muna the Loreminder
  5667 | D:6      | Reached XP level 8. HP: 59/66 MP: 8/14
  5881 | D:6      | Reached skill level 3 in Conjurations
  5988 | D:6      | Reached skill level 5 in Dodging
  6744 | D:7      | Reached skill level 5 in Spellcasting
  6932 | D:7      | Found Burukh Turi's Weapon Boutique.
  6938 | D:7      | Reached * piety under Sif Muna
  6939 | D:7      | Reached skill level 4 in Conjurations
  7066 | D:7      | Found a white marble altar of Elyvilon.
  7210 | D:7      | Reached XP level 9. HP: 37/72 MP: 8/17
  7582 | D:7      | Noticed a rime drake
  7582 | D:7      | Noticed a rime drake
  7582 | D:7      | Noticed a rime drake
  7617 | D:7      | Noticed a rime drake
  7632 | D:7      | Killed a rime drake
  7633 | D:7      | Reached skill level 5 in Conjurations
  7635 | D:7      | Killed a rime drake
  7636 | D:7      | Reached skill level 5 in Fighting
  7641 | D:7      | Killed a rime drake
  7647 | D:7      | Killed a rime drake
  7648 | D:7      | Reached skill level 6 in Conjurations
  7880 | D:7      | Found the +4 skin of Zhor {*Englaciate rC+++ SInv}
  8112 | D:7      | Noticed Prince Ribbit
  8116 | D:7      | Killed Prince Ribbit
  8703 | D:8      | Reached XP level 10. HP: 63/81 MP: 13/19
  8719 | D:8      | Reached skill level 7 in Conjurations
  8977 | D:8      | Noticed Pooter's ghost (novice MiBe)
  9224 | D:8      | Noticed Grum
  9225 | D:8      | Found a transporter.
  9235 | D:8      | Killed Grum
  9510 | D:8      | Found a transporter.
  9592 | D:8      | Noticed a two-headed ogre
  9610 | D:8      | Reached ** piety under Sif Muna
  9917 | D:8      | Killed a two-headed ogre
  9918 | D:8      | Reached skill level 8 in Conjurations
 10044 | D:9      | Noticed a two-headed ogre
 10052 | D:9      | Killed a two-headed ogre
 10477 | D:9      | Noticed Gastronok
 10484 | D:9      | Killed Gastronok
 10485 | D:9      | Reached skill level 9 in Conjurations
 10485 | D:9      | Reached XP level 11. HP: 89/89 MP: 6/22
 10578 | D:9      | Identified the +10 great sword of Spores {drain, rCorr
                  | Str+4}
 10601 | D:9      | Found a staircase to the Orcish Mines.
 11122 | D:9      | Noticed a two-headed ogre
 11152 | D:9      | Killed a two-headed ogre
 12060 | D:10     | Entered Level 10 of the Dungeon
 12166 | D:10     | Reached skill level 10 in Conjurations
 12793 | D:10     | Learned a level 3 spell: Ozocubu's Armour
 13436 | D:11     | Reached *** piety under Sif Muna
 13736 | D:11     | Noticed Maurice
 13740 | D:11     | Killed Maurice
 13751 | D:11     | Reached XP level 12. HP: 100/100 MP: 11/25
 13909 | D:11     | Found a staircase to the Lair.
 14088 | D:11     | Found a portal to a secret trove of treasure.
 14095 | D:11     | Noticed a two-headed ogre
 14272 | D:11     | Reached skill level 11 in Conjurations
 15454 | D:12     | Noticed a two-headed ogre
 15464 | D:12     | Killed a two-headed ogre
 15619 | D:12     | Noticed a two-headed ogre
 15688 | D:12     | Killed a two-headed ogre
 15805 | D:12     | Noticed SirDiesAlot's ghost (journeyman MiDe)
 15820 | D:12     | Found a runed translucent door.
 15975 | D:12     | Noticed a two-headed ogre
 16041 | D:12     | Noticed a two-headed ogre
 16056 | D:12     | Killed a two-headed ogre
 16057 | D:12     | Reached skill level 10 in Earth Magic
 16068 | D:12     | Killed a two-headed ogre
 16272 | D:12     | Noticed a boulder beetle
 16326 | D:12     | Reached skill level 12 in Conjurations
 16496 | D:12     | Noticed a two-headed ogre
 16502 | D:12     | Noticed a two-headed ogre
 16504 | D:12     | Killed a two-headed ogre
 16551 | D:12     | Noticed an eight-headed hydra
 16567 | D:11     | Killed a two-headed ogre
 16579 | D:11     | Killed a two-headed ogre
 16776 | D:12     | Reached skill level 10 in Spellcasting
 16999 | D:13     | Noticed a centaur warrior
 17012 | D:13     | Noticed a centaur warrior
 17476 | D:12     | Noticed a boulder beetle
 17486 | D:12     | Killed a boulder beetle
 17486 | D:12     | Noticed a death knight
 17864 | D:13     | Killed a centaur warrior
 18127 | D:13     | Noticed a tengu warrior
 18136 | D:12     | Killed a tengu warrior
 18137 | D:12     | Reached XP level 13. HP: 74/107 MP: 12/27
 18631 | D:13     | Reached **** piety under Sif Muna
 19094 | D:12     | Reached skill level 13 in Conjurations
 19543 | Orc:1    | Entered Level 1 of the Orcish Mines
 19645 | D:9      | Learned a level 4 spell: Flame Wave
 20614 | Orc:1    | Reached ***** piety under Sif Muna
 20928 | Orc:2    | Entered Level 2 of the Orcish Mines
 20930 | Orc:2    | Received a gift from Sif Muna
 21056 | Orc:2    | Got Usesch's Disquisition on Twisted Attacks {god gift}
 21064 | Orc:2    | Learned a level 6 spell: Iron Shot
 21070 | Orc:2    | Learned a level 5 spell: Fireball
 22521 | Orc:2    | Paralysed by an orc sorcerer for 5 turns
 22974 | Orc:2    | Found Muomoe Gelo's Antique Weapon Emporium.
 22984 | Orc:2    | Found Reczeot's Weapon Shoppe.
 23113 | Orc:2    | Noticed an ettin
 23126 | Orc:2    | Killed an ettin
 23904 | Orc:2    | Found a staircase to the Elven Halls.
 23975 | Orc:2    | Received a gift from Sif Muna
 23992 | Orc:2    | Got Sif Muna's Reference Book on Excruciating Shape
                  | Shifting {god gift}
 24770 | Orc:2    | Noticed an orc warlord
 24785 | Orc:2    | Killed an orc warlord
 25143 | Orc:2    | Reached skill level 14 in Conjurations
 25694 | Orc:2    | Found Wieshryu's Distillery.
 25704 | Orc:2    | Bought a potion of heal wounds for 75 gold pieces
 25706 | Orc:2    | Bought a potion of haste for 150 gold pieces
 25870 | Orc:2    | Reached XP level 14. HP: 115/115 MP: 16/29
 26336 | Orc:2    | Found Ymoep's Weapon Shoppe.
 27965 | D:14     | Noticed Frances
 28588 | Lair:1   | Entered Level 1 of the Lair of Beasts
 28970 | Lair:1   | Found a sacrificial altar of Ru.
 29041 | Lair:1   | Received a gift from Sif Muna
 29309 | Lair:1   | Found a transporter.
 29310 | Lair:1   | Found a transporter.
 29311 | Lair:1   | Found a bloodstained altar of Trog.
 29317 | Lair:1   | Noticed Ecyzas's ghost (journeyman TeCj)
 30171 | Lair:2   | Found a transporter.
 30372 | Lair:2   | Found a transporter.
 30373 | Lair:2   | Found the +6 Majin-Bo {vamp, MP+6 Int+6}
 30650 | Lair:2   | Found the +3 pair of gauntlets of War {Slay+5}
 31357 | Lair:2   | Noticed Zihow's ghost (journeyman DgIE)
 31914 | Lair:2   | Found a runed translucent gate.
 31914 | Lair:2   | Found a runed translucent gate.
 31914 | Lair:2   | Found a runed translucent gate.
 32824 | Lair:2   | Killed Zihow's ghost
 33257 | Lair:3   | Received a gift from Sif Muna
 33258 | Lair:3   | Got Unkalua's Papyrus of Poison and the Volcanoes {god
                  | gift}
 33373 | Lair:3   | Found a frozen archway.
 33493 | IceCv    | Entered an ice cave
 33606 | IceCv    | Reached XP level 15. HP: 73/124 MP: 31/31
 34211 | IceCv    | Reached skill level 15 in Conjurations
 35213 | Lair:3   | Found a staircase to the Snake Pit.
 35937 | Lair:4   | Noticed Nergalle
 35941 | Lair:4   | Killed Nergalle
 36387 | Lair:4   | Found a runed translucent gate.
 36387 | Lair:4   | Found a runed translucent gate.
 36387 | Lair:4   | Found a runed translucent gate.
 36389 | Lair:4   | Noticed bronco's ghost (journeyman KoFi)
 36389 | Lair:4   | Noticed Daelid's ghost (journeyman MfGl)
 36390 | Lair:4   | Noticed Gaumudgh's ghost (journeyman TeWr)
 36391 | Lair:4   | Noticed Gaumudgh's ghost (journeyman TeWr)
 36392 | Lair:4   | Noticed Dobruq's ghost (journeyman OgTm)
 36524 | Lair:4   | Reached skill level 10 in Fighting
 37218 | Lair:4   | Received a gift from Sif Muna
 37219 | Lair:4   | Got Sif Muna's Catalogue of Cloudy Stones {god gift}
 37222 | Lair:4   | Found a staircase to the Swamp.
 37738 | Lair:5   | Reached skill level 10 in Dodging
 38249 | Lair:5   | Found a runed translucent gate.
 38249 | Lair:5   | Found a runed translucent gate.
 38249 | Lair:5   | Found a runed translucent gate.
 38250 | Lair:5   | Noticed Muulud's ghost (journeyman SpBe)
 39685 | Lair:5   | Received a gift from Sif Muna
 39686 | Lair:5   | Got Sif Muna's Disquisition on Confrontation {god gift}
 39694 | Lair:5   | Learned a level 5 spell: Iskenderun's Battlesphere
 39963 | Lair:6   | Entered Level 6 of the Lair of Beasts
 40158 | Lair:6   | Found a gate leading to a gauntlet.
 40179 | Gauntlet | Entered a Gauntlet
 40179 | Gauntlet | Found a transporter.
 40179 | Gauntlet | Found a transporter.
 40179 | Gauntlet | Found a transporter.
 40230 | Gauntlet | Found a transporter.
 40232 | Gauntlet | Found a transporter.
 40247 | Gauntlet | Found a transporter.
 40251 | Gauntlet | Found a transporter.
 40264 | Gauntlet | Found a transporter.
 40287 | Gauntlet | Found a transporter.
 40304 | Gauntlet | Found a transporter.
 40308 | Gauntlet | Found a transporter.
 40318 | Gauntlet | Found a transporter.
 40417 | Gauntlet | Identified the ring "Hiniveb" {rC+ Int+6 Dex+2}
 40739 | Gauntlet | Reached XP level 16. HP: 110/135 MP: 1/33
 40748 | Gauntlet | Identified the +7 short sword "Ezukhuuts" {vorpal, rF++ rC-
                  | Str+6}
 40950 | Lair:6   | Found a staircase to the Slime Pits.
 41051 | Lair:6   | Reached skill level 1 in Ice Magic
 42137 | Lair:6   | Reached skill level 16 in Conjurations
 42744 | Lair:6   | Received a gift from Sif Muna
 43628 | Lair:6   | Found a corrupted altar of Lugonu.
 43628 | Lair:6   | Found a one-way gate to the infinite horrors of the Abyss.
 44282 | D:14     | Identified the +0 great mace of Rimot {freeze, rPois
                  | Stlth+}
 44397 | D:14     | Killed Frances
 44521 | D:14     | Found a gate to the Vaults.
 44602 | D:14     | Noticed Rupert
 44616 | D:15     | Entered Level 15 of the Dungeon
 45079 | D:15     | Found a transporter.
 45082 | D:15     | Noticed zishaf's ghost (journeyman OpVM)
 45086 | D:15     | Found a transporter.
 45327 | D:15     | Found a staircase to the Depths.
 47008 | Swamp:1  | Entered Level 1 of the Swamp
 47240 | Swamp:1  | Identified the +7 hand crossbow of Breach {speed, rC+}
 47606 | Swamp:1  | Reached skill level 15 in Earth Magic
 48517 | Swamp:2  | Reached skill level 1 in Fire Magic
 48533 | Swamp:2  | Received a gift from Sif Muna
 48534 | Swamp:2  | Got Sif Muna's Catalogue of the Entrancing Mountains {god
                  | gift}
 48660 | Swamp:2  | Found the +14 obsidian axe {vorpal, Mesm Drain Fly SInv}
 48680 | Swamp:2  | Identified the +0 pair of gloves of Tobuimn {rElec rN+
                  | Dex+5}
 49422 | Swamp:3  | Noticed a thorn hunter
 49438 | Swamp:3  | Killed a thorn hunter
 49590 | Swamp:3  | Learned a level 6 spell: Statue Form
 49880 | Swamp:3  | Found an ancient bone altar of Kikubaaqudgha.
 49890 | Swamp:3  | Reached skill level 15 in Spellcasting
 50228 | Swamp:3  | Got the Handbook of the Catamount
 50235 | Swamp:3  | Learned a level 5 spell: Borgnjor's Vile Clutch
 50483 | Swamp:3  | Reached skill level 17 in Conjurations
 50784 | Swamp:4  | Entered Level 4 of the Swamp
 50816 | Swamp:4  | Reached XP level 17. HP: 133/141 MP: 23/36
 51103 | Swamp:4  | Noticed Mlioglotl
 51153 | Swamp:4  | Killed Mlioglotl
 51303 | Swamp:4  | Noticed a tentacled monstrosity
 51307 | Swamp:4  | Killed a tentacled monstrosity
 53486 | Swamp:4  | Reached skill level 1 in Invocations
 53512 | Swamp:4  | Noticed the 27-headed Lernaean hydra
 53617 | Swamp:3  | Killed the 27-headed Lernaean hydra
 54334 | Swamp:4  | Reached skill level 1 in Evocations
 54877 | Swamp:4  | Got a decaying rune of Zot
 55031 | Snake:1  | Entered Level 1 of the Snake Pit
 56423 | Snake:1  | Identified the +1 leather armour of Ashenzari's Delight
                  | {rN+ MP+9}
 56769 | Snake:1  | You fall into a shaft and drop 1 floor!
 56787 | Snake:2  | Found a transporter.
 57543 | Snake:2  | Received a gift from Sif Muna
 58435 | Snake:2  | Found a transporter.
 58436 | Snake:2  | Identified a scroll of acquirement
 58949 | Snake:2  | Paralysed by a Zot trap for 2 turns
 58953 | Snake:2  | Reached skill level 18 in Conjurations
 59100 | Snake:2  | Identified the amulet of Oleiciun {Regen+ Str+4}
 59112 | Snake:2  | Identified the amulet of the Rabble {Acrobat Harm +Blink
                  | rPois rN++}
 59114 | Snake:2  | Identified the +6 spear "Boutz" {speed, Will++ Dex+2}
 59128 | Snake:2  | Upgraded the game from 0.28-a0-687-gb91baff9cc to
                  | 0.28-a0-691-gad6df49e81
 59134 | Snake:2  | Reached skill level 5 in Invocations
 59134 | Snake:2  | Reached XP level 18. HP: 149/149 MP: 38/38
 59164 | Snake:2  | Acquired 390 gold pieces
 59799 | Snake:3  | Reached XP level 19. HP: 156/156 MP: 17/39
 61323 | Snake:4  | Entered Level 4 of the Snake Pit
 61879 | Snake:4  | Found a white marble altar of Elyvilon.
 62085 | Snake:4  | Received a gift from Sif Muna
 63326 | Snake:4  | Got Sif Muna's Tome of Cloudy Sinister Arts {god gift}
 64482 | Snake:4  | Reached skill level 1 in Necromancy
 65404 | Snake:4  | Received a gift from Sif Muna
 65480 | Snake:4  | Got a serpentine rune of Zot
 65942 | D:8      | Killed Pooter's ghost
 66237 | D:12     | Identified the +0 scale mail of Feasting {rPois Str+2}
 66637 | D:12     | Killed SirDiesAlot's ghost
 66900 | Elf:1    | Entered Level 1 of the Elven Halls
 66907 | Elf:1    | Learned a level 5 spell: Lee's Rapid Deconstruction
 68424 | Elf:1    | Found Fiavvetyts's Specific Store.
 68428 | Elf:1    | Reached skill level 19 in Conjurations
 68433 | Elf:1    | Found Gueropuu's General Store.
 68659 | Elf:2    | Found a magical portal.
 68675 | WizLab   | Entered The Hall of the Hellbinder
 68686 | WizLab   | Received a gift from Sif Muna
 69001 | WizLab   | Reached XP level 20. HP: 159/163 MP: 1/41
 69571 | WizLab   | Identified the ring "Dachiarurgh" {rC+ Will+ Str+5 Stlth-}
 69751 | WizLab   | Found a burning altar of Makhleb.
 69926 | WizLab   | Identified the +4 lajatang "Seamuw" {vamp, +Blink Fly rF+
                  | Int+2}
 69926 | WizLab   | Noticed Xuocul
 69943 | WizLab   | Killed Xuocul the Hellbinder
 70062 | WizLab   | Identified the ring "Wuteif" {Fly rElec Str+3 Int-2}
 70066 | WizLab   | Got Wotil's Grimoire of Companions
 70752 | Elf:2    | Found a runed translucent gate.
 70753 | Elf:2    | Found a runed translucent gate.
 70753 | Elf:2    | Found a runed translucent gate.
 71995 | Elf:3    | Entered Level 3 of the Elven Halls
 72247 | Elf:3    | Paralysed by an air elemental for 1 turns
 72705 | Elf:3    | Identified the +6 long sword "Ogrebane" {spect, Fly rF+
                  | rC++ Will-}
 73838 | Elf:3    | Received a gift from Sif Muna
 73978 | Elf:3    | Identified the +10 dagger "Zoazaap" {freeze, rPois}
 74706 | Elf:3    | Identified the +6 scale mail of the Cockroach {Stlth+}
 74708 | Elf:3    | Identified the amulet "Tujiv" {Faith Fly}
 75032 | Elf:3    | Got Sif Muna's Reference Book on Combat Magic {god gift}
 75119 | Elf:3    | Found the +9 heavy crossbow "Sniper" {vorpal, Acc+∞ SInv}
 75133 | Elf:3    | Identified the +4 fustibalus of Painful Death {flame,
                  | +Blink SInv}
 75140 | Elf:3    | Identified the +7 hand crossbow "Jellybane" {venom, MP+9}
 75144 | Elf:3    | Identified the +7 hunting sling "Ogreslayer" {vorpal, rElec
                  | rPois Dex-4}
 75213 | Elf:3    | Got the Papyrus of Beguiling and the Escort
 75658 | Slime:1  | Entered Level 1 of the Pits of Slime
 77034 | Slime:5  | Entered Level 5 of the Pits of Slime
 77155 | Slime:5  | Reached skill level 20 in Conjurations
 77319 | Slime:5  | Learned a level 8 spell: Lehudib's Crystal Spear
 77323 | Slime:5  | Learned a level 3 spell: Swiftness
 77714 | Slime:4  | Received a gift from Sif Muna
 77723 | Slime:4  | Got Jur Noc's Handbook of Earthen Confrontation {god gift}
 77828 | Slime:5  | Reached XP level 21. HP: 172/172 MP: 36/43
 77929 | Slime:5  | Noticed the Royal Jelly
 79333 | Slime:5  | Found a viscous altar of Jiyva.
 80761 | Slime:5  | HP: 6/172 [azure jelly[the Royal Jelly] (12)]
 80761 | Slime:5  | HP: 1/172 [azure jelly[the Royal Jelly] (5)]
 80761 | Slime:5  | Demolished by a quicksilver ooze

Illustrated notes

Levels and vault maps discovered:
D:1:      ncdulo_watergridlock, layout_loops_corners
D:2:      layout_rooms, uniq_terence, uniq_sigmund
D:3:      layout_loops_corners
D:4:      layout_rooms, minmay_misc_feat_square, kennysheep_small_circle
D:5:      layout_basic, kennysheep_mini, temple_hall
D:6:      layout_loops_ring
D:7:      layout_loops_ring, serial_shops,
          nicolae_shop_temple_entry_statues_fountains, kennysheep_flooded_box,
          hellmonk_guarded_unrand_zhor, uniq_prince_ribbit1
D:8:      layout_loops_ring, gammafunk_ghost_stat_death, grunt_tough_drop,
          uniq_grum
D:9:      layout_small_grid, minmay_orc_entry_guard_dogs,
          statue_in_the_mist_lemuel, uniq_gastronok
D:10:     layout_loops_ring
D:11:     layout_cave_pods, david_lair_shrubbed, nicolae_trove_entry_isolated,
          uniq_maurice
D:12:     hangedman_cross_veins, layout_basic, hellmonk_ghost_happy_afterlife,
          chequers_arboretum, nicolae_water_bricks
D:13:     layout_cave_pools, minmay_orc_keep
D:14:     layout_loops_cross, ximxim_vaults_locker_room, uniq_frances,
          uniq_rupert
D:15:     gammafunk_depths_entry_grave, layout_long_grid,
          gammafunk_ghost_abyssal_escape, chequers_serial_rivers_large_a,
          dispersion_dpeg
Temple:   minmay_crystal_snake_temple
Lair:1:   layout_loops_ring, gammafunk_ghost_wrathful_warriors, basic_altar,
          nicolae_quartered_pool_super, cheibrodos_lair_caveside_slide,
          beast_lair_carwin_4
Lair:2:   gammafunk_cloud_chamber, layout_layer_cave,
          maelrawn_ghost_gauntlet_escape
Lair:3:   layout_regular_city, minmay_snake_entry_guardpost_small,
          portal_ice_cave_demonic_guard
Lair:4:   layout_misc_corridors, nicolae_swamp_entry_splash_gauntlet,
          gammafunk_ghost_cemetery, beast_lair_carwin_3, grunt_megastairs_2,
          uniq_nergalle
Lair:5:   beast_lair_carwin_large_2, layout_layer_cave,
          ebering_ghost_rock_garden
Lair:6:   hellmonk_lair_end_abyssal_woods, layout_regular_city,
          minmay_slime_entry_pillars, gauntlet_entry_generic
Swamp:1:  layout_basic_swamp, nicolae_swamp_dense_foliage,
          infiniplex_staircase_pool
Swamp:2:  layout_basic_swamp, nicolae_swamp_orc_logging_accident, swamp_pool1
Swamp:3:  layout_falls_marsh, nicolae_swamp_fairy_circle, swamp_pool4,
          beargit_kiku_chapel
Swamp:4:  swamp_vile, layout_basic_swamp, uniq_mlioglotl
Snake:1:  layout_onion
Snake:2:  gammafunk_its_a_trap, layout_misc_corridors
Snake:3:  layout_cave_town, serial_bayou_shore_b, lemuel_fruit_tree
Snake:4:  grunt_snake_rune_pools, layout_layer_cave, basic_altar,
          guppyfry_snake_island
Slime:1:  layout_caves, cheibrodos_slime_lost_civilization_7
Slime:2:  layout_caves
Slime:3:  layout_caves
Slime:4:  layout_caves
Slime:5
Orc:1:    layout_diamond_mine
Orc:2:    pubby_orc_utopia, serial_shops
Elf:1:    layout_loops_corners, minivault_28, minivault_24, minivault_19,
          nicolae_specific_store
Elf:2:    nicolae_elf_blades_crystal_corner, layout_gridlike, mu_enter_wizlab_2
Elf:3:    elf_hall, layout_gridlike, serial_sigils_hangedman_leer,
          minmay_misc_feat_cross

Skill      XL: |  1  2  3  4  5  6  7  8  9 10 11 12 13 14 15 16 17 18 19 20 |
---------------+-------------------------------------------------------------+-----
Stealth        | 2 |  2.0
Dodging        | 2 3 4 5 6 7 8 9 10 11 | 11.9
Fighting       | 1 2 3 4 5 7 8 9 10 11 | 11.6
Spellcasting   | 3 4 5 6 7 9 10 11 12 13 15 16 17 18 | 18.7
Earth Magic    | 4 5 6 7 8 9 10 12 13 14 15 16 17 18 | 18.5
Conjurations   | 1 2 4 6 9 10 12 14 15 17 18 19 20 | 20.2
Ice Magic      | 1 |  1.8
Fire Magic     | 1 2 |  2.0
Invocations    | 5 8 |  8.0
Evocations     | 1 |  1.8
Necromancy     | 2 |  2.8
Transmutations | |  1.8

Action                   |  1- 3 |  4- 6 |  7- 9 | 10-12 | 13-15 | 16-18 | 19-21 || total
-------------------------+-------+-------+-------+-------+-------+-------+-------++-------
Melee: Club              |    94 |       |       |       |       |       |       ||    94
       Unarmed           |     6 |       |       |       |       |       |       ||     6
       Tailslap          |     7 |     8 |    34 |    14 |    61 |    10 |    57 ||   191
       Mace              |     3 |    65 |       |       |       |       |       ||    68
       Quarterstaff      |       |    27 |       |       |       |       |       ||    27
       Short sword       |       |     5 |    88 |       |       |       |       ||    93
       Dagger            |       |       |   197 |    46 |       |       |       ||   243
       Great sword       |       |       |       |   134 |   499 |    64 |   242 ||   939
       Great mace        |       |       |       |       |       |    30 |       ||    30
 Cast: Sandblast         |    13 |    12 |       |       |       |       |       ||    25
       Stone Arrow       |       |     8 |    68 |   247 |   304 |    73 |    48 ||   748
       Iron Shot         |       |       |       |       |   286 |   355 |   458 ||  1099
       Fireball          |       |       |       |       |     8 |    15 |    34 ||    57
       Flame Wave        |       |       |       |       |     5 |     5 |       ||    10
       Iskenderun's Batt |       |       |       |       |     3 |   145 |   169 ||   317
       Ozocubu's Armour  |       |       |       |       |     1 |     3 |       ||     4
       Borgnjor's Vile C |       |       |       |       |       |     7 |    28 ||    35
       Statue Form       |       |       |       |       |       |     1 |       ||     1
       Lee's Rapid Decon |       |       |       |       |       |       |    24 ||    24
       Lehudib's Crystal |       |       |       |       |       |       |     9 ||     9
Invok: Channel Magic     |       |       |       |       |       |     1 |     1 ||     2
 Abil: Breathe Frost     |       |       |     1 |    12 |     9 |     1 |       ||    23
Evoke: Wand              |       |       |       |     1 |     9 |     5 |       ||    15
       Box of beasts     |       |       |       |       |       |     1 |       ||     1
  Use: Scroll            |       |       |       |    11 |     4 |    21 |     6 ||    42
       Potion            |       |       |       |       |       |     7 |    10 ||    17
 Stab: Sleeping          |     2 |     3 |     1 |     2 |     1 |       |       ||     9
       Paralysed         |       |       |       |     6 |       |       |       ||     6
       Petrifying        |       |       |       |       |       |     1 |       ||     1
Armor: Skin              |    37 |    39 |   100 |   118 |   484 |   137 |   293 ||  1208
Dodge: Dodged            |    81 |    73 |   175 |   302 |   820 |   239 |   665 ||  2355

Table legend: (Time is in decaauts)
 A = Elapsed time spent in this place.
 B = Non-inter-level travel time spent in this place.
 C = Inter-level travel time spent in this place.
 D = Time resting spent in this place.
 E = Time spent auto-exploring this place.
 F = Levels seen in this place.
 G = Mean time per level.
                   A        B        C        D        E       F      G
               +--------+--------+--------+--------+--------+-----+--------+
         Total |  82068 |  79136 |   2932 |  35896 |  22573 |  43 | 1908.6 |
       Dungeon |  26388 |  24834 |   1554 |   8204 |  11195 |  15 | 1759.2 |
        Temple |    184 |    184 |      0 |      0 |    135 |   1 |  184.0 |
          Lair |  14259 |  13484 |    775 |   5061 |   4936 |   6 | 2376.5 |
         Swamp |   8318 |   8160 |    158 |   4504 |   2150 |   4 | 2079.5 |
     Snake Pit |  10491 |  10394 |     97 |   6015 |   1790 |   4 | 2622.8 |
    Slime Pits |   4860 |   4860 |      0 |   3164 |      0 |   5 |  972.0 |
  Orcish Mines |   6742 |   6519 |    223 |   3605 |   1211 |   2 | 3371.0 |
   Elven Halls |   7053 |   6931 |    122 |   3266 |   1002 |   3 | 2351.0 |
      Ice Cave |   1703 |   1703 |      0 |    831 |    152 |   1 | 1703.0 |
        Wizlab |   1470 |   1470 |      0 |    953 |      0 |   1 | 1470.0 |
      Gauntlet |    595 |    595 |      0 |    291 |      0 |   1 |  595.0 |
               +--------+--------+--------+--------+--------+-----+--------+

Top non-repeatable levels by time:
   Orc:2: 5408 daAuts
 Swamp:4: 3761 daAuts
    D:12: 3713 daAuts
  Lair:6: 3570 daAuts
 Snake:3: 3423 daAuts
     D:9: 3156 daAuts
 Snake:4: 3073 daAuts
   Elf:2: 2948 daAuts
  Lair:2: 2904 daAuts
   Elf:3: 2453 daAuts
 Slime:4: 2416 daAuts
  Lair:5: 2278 daAuts
    D:11: 2258 daAuts
 Snake:1: 2133 daAuts
    D:13: 2054 daAuts
